 Dungeon Sprint DCSS version 0.22.1-1-ga44c0e56f4 (webtiles) character file.

50 MuseOD the Covert (level 5, 0/29 HPs)
             Began as a Spriggan Enchanter on Sept 23, 2018.
             Was an Elder of Dithmenos.
             Slain by a wight
             ... wielding a +2 spear
              (1 damage)
             ... in the Dungeon (Sprint VI: "Thunderdome").
             The game lasted 00:04:09 (714 turns).

MuseOD the Covert (Spriggan Enchanter)               Turns: 714, Time: 00:04:10

Health: 0/29       AC:  2    Str:  4    XL:     5   Next: 29%
Magic:  3/12       EV: 17    Int: 17    God:    Dithmenos [****..]
Gold:   280        SH:  0    Dex: 17    Spells: 6/12 levels left

rFire    . . .     SeeInvis +   a - +1 dagger
rCold    . . .     Gourm    .   (shield restricted)
rNeg     . . .     Faith    .   b - +0 robe
rPois    .         Spirit   .   (helmet restricted)
rElec    .         Reflect  .   (no cloak)
rCorr    .         Harm     .   (gloves unavailable)
MR       .....     NoTele   +   (boots unavailable)
Stlth    ++++++....             (no amulet)
HPRegen  0.09/turn              (no ring)
MPRegen  0.13/turn              (no ring)

@: wreathed by umbra, drained, very quick
A: very small, unfitting armour, see invisible, herbivore, speed 3, slow
metabolism 2
a: Shadow Step, Renounce Religion


You were in the Dungeon.
You worshipped Dithmenos.
Dithmenos was greatly pleased with you.
You were not hungry.

You visited 1 branch You collected 280 gold pieces.

Inventory:

Hand Weapons
 a - a +1 dagger (weapon)
Armour
 b - a +0 robe (worn)
Wands
 k - a wand of acid (3)
 l - a wand of iceblast (5)
 n - a wand of random effects (25)
Scrolls
 j - 4 scrolls of blinking
 m - 3 scrolls of fog
Potions
 c - a potion of resistance
 e - a potion of curing
 f - 4 potions of heal wounds
 g - 4 potions of haste
 h - a potion of magic
 i - a potion of berserk rage
Comestibles
 d - a ration


   Skills:
 - Level 3.8(3.0) Fighting
 - Level 7.6(6.7) Short Blades
 - Level 3.0(2.1) Dodging
 + Level 9.8(8.7) Stealth
 + Level 4.1(3.2) Spellcasting
 + Level 4.8(3.8) Hexes


You had 6 spell levels left.
You knew the following spells:

 Your Spells              Type           Power        Failure   Level  Hunger
a - Corona                Hex            ###....      3%          1    None
b - Ensorcelled Hibernat  Hex/Ice        #.....       12%         2    ##.....
c - Confuse               Hex            ###.....     11%         3    ###....

Your spell library contained the following spells:

 Spells                   Type           Power        Failure   Level  Hunger
 Tukima's Dance           Hex            ###.....     11%         3    ###....
 Dazzling Spray           Conj/Hex       #.....       22%         3    ###....


Dungeon Overview and Level Annotations

Branches:
Dungeon (1/1)

Altars:
Cheibriados
Dithmenos
Fedhas
Gozag
Kikubaaqudgha
Makhleb
Okawaru
Qazlal
Ru
Sif Muna
Trog
Uskayaw
Vehumet
Wu Jian
Xom
Yredelemnul
Zin
The Shining One
Beogh
Jiyva
Lugonu

Shops:
D *[%??*?*:[((!!!!


Innate Abilities, Weirdness & Mutations

You are very small and have problems with some larger weapons.
You are too small for most types of armour.
You have supernaturally acute eyesight. (SInv)
You are a herbivore.
You cover ground extremely quickly.
You need to consume almost no food.


Message History

There is an iron altar of Okawaru here.
The wight hits you from afar with an enchanted spear.
You feel drained.
* * * LOW HITPOINT WARNING * * *
There is a burning altar of Makhleb, spattered with blood here.
You barely miss the wight. The wight barely misses you.
The wight closely misses the wight.
The wight closely misses you.
You hit the wight.
The wight is lightly damaged.
The wight barely misses you.
You hit the wight but do no damage.
The wight is lightly damaged.
Your shadow barely misses the wight.
There is an iron altar of Okawaru here.
The wight hits you with an enchanted spear!
* * * LOW HITPOINT WARNING * * *
You feel drained.
You die...

######.8.........8.##
##∩___......###......_
###∩........8.# #.8.....
##.............###.......
#⌠..........###...###....
#⌠........[.# #.<.# #....
#⌠..........###..)###....
##.....zz.)....###(......
###∩...@....8.# #(8.....
##∩___......###......_
######)8.........8.##
#⌠.........z.§#
###.........###
#_......._# #_......._#
#_......._# #∩.......∩#


You could see 2 wights.

Vanquished Creatures
  An ice beast (D)
  A wight (D)
  Ijyb (D)
  2 adder simulacra (D)
  3 giant cockroaches (D)
  2 goblins (D)
  A hobgoblin (D)
  A bat simulacrum (D)
  2 kobolds (D)
  A quokka simulacrum (D)
15 creatures vanquished.

Notes
Turn   | Place    | Note
-------+----------+-------------------------------------------
     0 | D        | MuseOD the Spriggan Enchanter began the quest for the Orb.
     0 | D        | Reached XP level 1. HP: 9/9 MP: 5/5
     3 | D        | Found a glowing silver altar of Zin.
     3 | D        | Found a glowing golden altar of the Shining One.
     4 | D        | Found a shadowy altar of Dithmenos.
     4 | D        | Found a hide-covered altar of Uskayaw.
     5 | D        | Found a sacrificial altar of Ru.
     5 | D        | Found an opulent altar of Gozag.
     6 | D        | Found a bloodstained altar of Trog.
     6 | D        | Found a corrupted altar of Lugonu.
     6 | D        | Found Pahoal's Weapon Rack.
     6 | D        | Found Misyul's Premium Goods.
     7 | D        | Found an ancient bone altar of Kikubaaqudgha.
     8 | D        | Found Wabad's Do-It-Yourself Clinic.
     9 | D        | Found Gotithru's Bottled Wisdom.
     9 | D        | Found Hacejaf's Distillery.
     9 | D        | Found a deep blue altar of Sif Muna.
     9 | D        | Found a basalt altar of Yredelemnul.
     9 | D        | Found a stormy altar of Qazlal.
     9 | D        | Found Veamiy's Distillery.
     9 | D        | Round 1.
    51 | D        | Became a worshipper of Dithmenos the Shadowed
    79 | D        | Found Deicucse's Basic Armour.
    80 | D        | Found Uqemmir's Miscellaneous Merchandise.
    89 | D        | Found a burning altar of Makhleb.
    90 | D        | Found an iron altar of Okawaru.
    91 | D        | Found a shimmering altar of Xom.
    93 | D        | Found Xien's Identification Station.
    93 | D        | Found a viscous altar of Jiyva.
    93 | D        | Found a radiant altar of Vehumet.
    93 | D        | Found a blossoming altar of Fedhas.
    93 | D        | Found Hicoro's Delicious Food.
    95 | D        | Found Obezatakh's Advanced Armour.
    95 | D        | Found Ofutaso's Jewellery.
    98 | D        | Found a roughly hewn altar of Beogh.
   106 | D        | Reached * piety under Dithmenos
   106 | D        | Reached skill level 1 in Fighting
   106 | D        | Reached skill level 5 in Stealth
   117 | D        | Found an ornate altar of the Wu Jian Council.
   119 | D        | Found a snail-covered altar of Cheibriados.
   120 | D        | Found Eduli's Staff Store.
   120 | D        | Found Wuilubbo's Magic Scroll Shop.
   121 | D        | Found Xobun's Must-Have Magic.
   121 | D        | Found Amif's Magic Scroll Shop.
   146 | D        | Arena points: 4 (+4) [x1]
   163 | D        | Round 2.
   165 | D        | Noticed Ijyb
   200 | D        | Killed Ijyb
   200 | D        | Reached skill level 6 in Stealth
   200 | D        | Reached XP level 2. HP: 9/15 MP: 6/6
   206 | D        | Learned a level 2 spell: Ensorcelled Hibernation
   318 | D        | Reached ** piety under Dithmenos
   318 | D        | Reached XP level 3. HP: 17/18 MP: 0/8
   354 | D        | Arena points: 32 (+28) [x2]
   384 | D        | Round 3.
   429 | D        | Learned a level 3 spell: Confuse
   455 | D        | Noticed an ice beast
   481 | D        | Noticed an ice beast
   500 | D        | Killed an ice beast
   500 | D        | Reached *** piety under Dithmenos
   500 | D        | Reached skill level 8 in Stealth
   500 | D        | Reached XP level 4. HP: 25/25 MP: 1/9
   618 | D        | Arena points: 50 (+18) [x1]
   634 | D        | Round 4.
   693 | D        | Reached **** piety under Dithmenos
   693 | D        | Reached skill level 9 in Stealth
   693 | D        | Reached XP level 5. HP: 21/29 MP: 7/12
   714 | D        | HP: 1/29 [wight/enchanted spear (8)]
   714 | D        | Slain by a wight

Skill      XL: |  1  2  3  4 |
---------------+-------------+-----
Short Blades   | 4 7 |  7.6
Fighting       | 2 3 |  3.8
Stealth        | 6 8 9 |  9.8
Spellcasting   | 4 |  4.1
Hexes          | 4 |  4.8
Dodging        | |  3.0

Action                   |  1- 3 |  4- 6 || total
-------------------------+-------+-------++-------
Melee: Dagger            |    63 |    29 ||    92
 Cast: Ensorcelled Hiber |     4 |       ||     4
       Confuse           |     3 |     7 ||    10
Evoke: Wand              |     2 |       ||     2
  Use: Potion            |       |     1 ||     1
 Stab: Sleeping          |     3 |       ||     3
       Confused          |     2 |     1 ||     3
Armor: Robe              |     8 |     6 ||    14
Dodge: Dodged            |    49 |    30 ||    79
